 Dungeon Crawl Stone Soup version 0.22-a0-265-g0d8bc90 (webtiles) character file.

22 tidbits the Insei (level 2, -1/23 HPs)
             Began as a Gnoll Transmuter on Mar 6, 2018.
             Slain by an orc
             ... wielding a +0 short sword
              (3 damage)
             ... on level 3 of the Dungeon.
             The game lasted 00:02:20 (221 turns).

tidbits the Insei (Gnoll Transmuter)                 Turns: 221, Time: 00:02:20

Health: -1/23      AC:  2    Str: 12    XL:     2   Next: 91%
Magic:  4/7        EV: 14    Int: 15    God:
Gold:   15         SH:  0    Dex: 15    Spells: 7/10 levels left

rFire    . . .     SeeInvis .     - Unarmed
rCold    . . .     Gourm    .   (no shield)
rNeg     . . .     Faith    .   B - +0 robe
rPois    .         Spirit   .   (no helmet)
rElec    .         Reflect  .   (no cloak)
rCorr    .         Harm     .   (no gloves)
MR       .....                  (boots currently unavailable)
Stlth    ++........             (no amulet)
HPRegen  0.07/turn              (no ring)
MPRegen  0.10/turn              (no ring)

@: appendage (expiring), invisible
A: distributed training, fangs 1, talons 3, strong nose
a: End Transformation


You were on level 3 of the Dungeon.
You were not hungry.
You had grown temporary talons.
You visited 1 branch of the dungeon, and saw 3 of its levels.

You collected 15 gold pieces.

Inventory:

Missiles
 a - 10 arrows
 e - 25 stones (quivered)
Armour
 B - a +0 robe (worn)
Scrolls
 d - a scroll of fog {unknown}
 g - 2 scrolls of immolation {unknown}
 i - a scroll of blinking {unknown}
Potions
 b - a potion of invisibility
 f - a potion of degeneration {unknown}
 h - a potion of haste {unknown}
Comestibles
 c - 3 rations


   Skills:
 + Level 2.5 Fighting
 + Level 0.5 Short Blades
 + Level 0.5 Long Blades
 + Level 0.5 Axes
 + Level 0.5 Maces & Flails
 + Level 0.5 Polearms
 + Level 0.5 Staves
 + Level 0.5 Slings
 + Level 0.5 Bows
 + Level 0.5 Crossbows
 + Level 0.5 Throwing
 + Level 0.5 Armour
 + Level 4.5 Dodging
 + Level 0.5 Stealth
 + Level 0.5 Shields
 + Level 6.5 Unarmed Combat
 + Level 4.9 Spellcasting
 + Level 0.4 Conjurations
 + Level 0.4 Hexes
 + Level 0.4 Charms
 + Level 0.4 Summonings
 + Level 0.4 Necromancy
 + Level 0.4 Translocations
 + Level 3.7 Transmutations
 + Level 0.4 Fire Magic
 + Level 0.4 Ice Magic
 + Level 0.4 Air Magic
 + Level 0.4 Earth Magic
 + Level 0.4 Poison Magic
 + Level 0.7 Invocations
 + Level 0.5 Evocations


You had 7 spell levels left.
You knew the following spells:

 Your Spells              Type           Power        Failure   Level  Hunger
e - Beastly Appendage     Tmut           ##....       3%          1    None
k - Sticks to Snakes      Tmut           ##......     5%          2    ##.....


Dungeon Overview and Level Annotations

Branches:
Dungeon (3/15)

Altars:


Innate Abilities, Weirdness & Mutations

Your experience applies equally to all skills.
You have very sharp teeth.
Your uncanny sense of smell can sniff out nearby items.
You have claws for feet.


Message History

You completely miss the worm.
You headbutt the worm, but do no damage.
The worm is lightly wounded.
Your ball python bites the worm but does no damage.
Your ball python constricts the worm.
You hit the worm. You headbutt the worm!
The worm is almost dead.
The worm misses you.
Your ball python bites the worm.
Your ball python constricts the worm.
You hit the worm.
You kill the worm!
Your horns disappear.
Found a scroll labeled EROKOKH XOLEMAQU.
You see here a scroll labeled EROKOKH XOLEMAQU.
g - 2 scrolls labeled EROKOKH XOLEMAQU (gained 1)
Found a scroll labeled SATESIK FAHURO.
Your magical contamination has completely faded away.
A hobgoblin comes into view.
A kobold comes into view. It is wielding a club.
You see here a scroll labeled SATESIK FAHURO.
Casting: Sticks to Snakes (safe; 5% risk of failure)
Confirm with . or Enter, or press ? or * to list all spells.
Your feet morph into talons.
The kobold shouts!
The kobold throws a stone.
The stone misses you.
You closely miss the hobgoblin.
You claw the hobgoblin, but do no damage.
The hobgoblin closely misses you.
You barely miss the hobgoblin.
Your ball python bites the hobgoblin but does no damage.
Your ball python grabs the hobgoblin.
Your ball python constricts the hobgoblin.
The hobgoblin misses you.
You hit the hobgoblin.
The hobgoblin is moderately wounded.
Your ball python bites the hobgoblin but does no damage.
Your ball python constricts the hobgoblin.
The hobgoblin misses you.
You punch the hobgoblin!
You kill the hobgoblin!
e - 25 stones (gained 1);
i - a scroll labeled SATESIK FAHURO An orc comes into view.
It is wielding a hand axe.
Your ball python withers and dies!
Found a stone staircase leading down.
You punch the kobold!
You kill the kobold!
Things that are here:
a club; a kobold corpse You hit the orc.
The orc is heavily wounded.
An orc priest comes into view. It is wielding a dagger.
You barely miss the orc.
The orc priest shouts!
You kill the orc!
You hear a shout! x2
Casting: Beastly Appendage (safe; 3% risk of failure)
Confirm with . or Enter, or press ? or * to list all spells.
You create a snake!
You now have 10 arrows.
An orc comes into view. It is wielding a hand axe.
You see here a hand axe.
Unknown command.
An orc comes into view. It is wielding a short sword.
The orc priest invokes the aid of Beogh against you.
Beogh smites you! The orc priest closely misses you.
Unknown command.
You hit the orc priest.
The orc priest is lightly wounded.
Your transformation is almost over.
The orc misses you. The orc barely misses your adder.
Your adder bites the orc priest.
You barely miss the orc priest. Your kick misses the orc priest.
You bite the orc priest, but do no damage.
The orc priest is heavily wounded.
The orc priest casts a cantrip, but nothing happens.
Your adder barely misses the orc priest.
The orc closely misses you. The orc closely misses your adder.
You hit the orc priest but do no damage.
Your kick misses the orc priest.
The orc priest is heavily wounded.
The orc priest barely misses you.
Your adder closely misses the orc priest.
The orc misses you.
The orc hits your adder with a hand axe.
You hit the orc priest but do no damage.
The orc priest is heavily wounded.
Your adder barely misses the orc priest.
The orc priest closely misses you. The orc barely misses you.
The orc hits you with a hand axe. The orc barely misses your adder.
A goblin comes into view.
You completely miss the orc priest.
The orc priest is heavily wounded.
Your adder barely misses the orc priest.
The orc priest calls down the wrath of Beogh upon you.
Pain shoots through your body!
* * * LOW HITPOINT WARNING * * *
It was a potion of invisibility.
You fade into invisibility!
Your adder bites the orc priest.
The orc hits you with a short sword.
You die...

.......<####.##
...........# #.# .
...........# #.# ..
..........####.# ...
##..............###
.g..##.....<...###.....#
....................####
......o............##
....>.o@........####
...###oS.).........#
#....).....##.#
##....†...## #
##......## #..######
#..## #.# #.


You could see an orc priest, 2 orcs, a goblin and a friendly adder.

Vanquished Creatures
  A worm (D:3)
  A leopard gecko (D:1)
  An orc (D:3)
  A goblin (D:1)
  4 hobgoblins
  4 jackals (D:1)
  2 kobolds
14 creatures vanquished.

Notes
Turn   | Place    | Note
-------+----------+-------------------------------------------
     0 | D:1      | tidbits the Gnoll Transmuter began the quest for the Orb.
     0 | D:1      | Reached XP level 1. HP: 17/17 MP: 6/6
    40 | D:1      | Reached XP level 2. HP: 21/23 MP: 4/7
    53 | D:1      | Learned a level 2 spell: Sticks to Snakes
   220 | D:3      | HP: 1/23 [orc priest/nerve-wracking pain (11)]
   221 | D:3      | Slain by an orc

Vault maps used:
D:1:      saegor_arrival_simple_f, minmay_misc_feat_more_columns
D:2:      chequers_ecumenical_altar_grove
D:3:      first_ration, cheibrodos_sewer_entry_sluice, uniq_natasha

Action                   || total
-------------------------++-------
Melee: Unarmed           ||    41
       Headbutt          ||     6
       Kick              ||     2
       Bite              ||     2
Throw: Stone             ||     2
 Cast: Beastly Appendage ||     5
       Sticks to Snakes  ||     2
  Use: Potion            ||     1
 Stab: Sleeping          ||     1
Armor: Robe              ||     2
Dodge: Dodged            ||    22

Table legend:
 A = Spawn XP
 B = Non-spawn XP
 C = Spawn XP percentage of total XP
 D = Spawn monster count
 E = Non-spawn monster count
 F = Spawn count percentage of total count
 G = Total turns spent on level
                    A         B        C        D         E        F      G
               +---------+---------+-------+---------+---------+-------+---------
         Total |       0 |      32 |   0.0 |       0 |      14 |   0.0 |   221
               +---------+---------+-------+---------+---------+-------+---------
           D:1 |       0 |      20 |   0.0 |       0 |      10 |   0.0 |    94
           D:3 |       0 |      12 |   0.0 |       0 |       4 |   0.0 |    48
               +---------+---------+-------+---------+---------+-------+---------

Table legend:
 A = Turns spent in this place as a percentage of turns spent in the entire game.
 B = Non-inter-level travel turns spent in this place as a percentage of non-inter-level travel turns spent in the entire game.
 C = Inter-level travel turns spent in this place as a percentage of turns spent in this place.
 D = Turns resting spent in this place as a percentage of non-inter-level travel turns spent in this place.
 E = Turns spent auto-exploring this place as a percentage of non-inter-level travel turns spent in this place.
 F = Non-inter-level travel turns spent in this place divided by the number of levels of this place that you've seen.
                   A       B       C       D       E      F
               +-------+-------+-------+-------+-------+----------------------
         Total | 100.0 | 100.0 |   0.0 |   0.0 |   0.0 |  73.7
       Dungeon | 100.0 | 100.0 |   0.0 |   0.0 |   0.0 |  73.7
               +-------+-------+-------+-------+-------+----------------------

Table legend:
 A = Kills in this place as a percentage of kills in entire the game.
 B = Kills by you in this place as a percentage of kills by you in the entire game.
 C = Kills by friends in this place as a percentage of kills by friends in the entire game.
 D = Other kills in this place as a percentage of other kills in the entire game.
 E = Experience gained in this place as a percentage of experience gained in the entire game.
 F = Experience gained in this place divided by the number of levels of this place that you have seen.
                   A       B       C       D       E      F
               +-------+-------+-------+-------+-------+----------------------
         Total | 100.0 | 100.0 |   N/A |   N/A | 100.0 |  10.7
       Dungeon | 100.0 | 100.0 |   N/A |   N/A | 100.0 |  10.7
               +-------+-------+-------+-------+-------+----------------------

Vault maps used:
D:1:      saegor_arrival_simple_f, minmay_misc_feat_more_columns
D:2:      chequers_ecumenical_altar_grove
D:3:      first_ration, cheibrodos_sewer_entry_sluice, uniq_natasha
